details: 'a new stabber is born'

« prev index next »

General information

Mini Map

Players

team 1
HumanMamasSpecialBoy (red | 7 APM | 23 actions | 03:09)

» actions
Basic commands5
Right click13
Select / deselect5
23 total
Humanbiggie (pink | 18 APM | 22 actions | 01:15)

» actions
Build / train6
Enter build submenu2
Right click7
Select / deselect5
Use ability2
22 total
» units
Peasant6
6 total
» buildings
Altar of Kings1
Barracks1
2 total
» build order
00:56 Altar of Kings
01:15 Barracks
HumanGaland (yellow | 73 APM | 212 actions | 02:53)
Hero icon 1 Mountain King
Ability icon 1 Storm Bolt

» actions
Assign group hotkey1
Build / train7
ESC pressed3
Enter build submenu9
Enter hero's abilities submenu1
Right click114
Select / deselect26
Select group hotkey1
Use ability50
212 total
» units
Peasant5
5 total
» buildings
Altar of Kings1
Farm3
Barracks1
Blacksmith1
Arcane Vault1
7 total
» build order
00:12 Altar of Kings
00:21 Farm
00:54 Barracks
01:26 Blacksmith
01:32 Arcane Vault
01:37 Farm
02:09 Farm
Random» UndeadImReallyBad (purple | 30 APM | 63 actions | 02:07)

» actions
Build / train7
Enter build submenu7
Right click27
Select / deselect16
Use ability6
63 total
» units
Acolyte2
Ghoul3
Peasant2
7 total
» buildings
Crypt1
Ziggurat2
Altar of Darkness1
Barracks1
Farm1
6 total
» build order
00:26 Crypt
00:29 Ziggurat
00:52 Altar of Darkness
01:21 Ziggurat
01:36 Barracks
01:38 Farm
team 2
NightElfSeven (orange | 41 APM | 129 actions | 03:09)

» actions
Assign group hotkey1
Build / train12
Enter build submenu12
Right click42
Select / deselect54
Use ability8
129 total
» units
Wisp10
Archer1
11 total
» buildings
Moon Well3
Altar of Elders1
Ancient of War3
7 total
» build order
01:08 Moon Well
01:21 Altar of Elders
01:30 Ancient of War
01:50 Ancient of War
02:27 Moon Well
02:37 Ancient of War
02:48 Moon Well
OrcMr__Plum (green | 28 APM | 89 actions | 03:09)
Hero icon 1 Tauren Chieftain
Ability icon 1 Shockwave

» actions
Build / train15
Enter build submenu7
Enter hero's abilities submenu1
Right click22
Select / deselect36
Use ability8
89 total
» units
Peon8
Troll Headhunter/Berserker3
11 total
» buildings
Altar of Storms1
Orc Burrow2
War Mill1
Barracks1
Voodoo Lounge1
6 total
» build order
00:21 Altar of Storms
00:26 Orc Burrow
00:44 War Mill
01:11 Barracks
01:36 Voodoo Lounge
01:56 Orc Burrow
» items
Healing Salve1
Lesser Clarity Potion1
2 total
Random» Undeadl0l1t4 (teal | 25 APM | 80 actions | 03:09)
Hero icon 1 Dreadlord
Ability icon 1 Sleep

» actions
Build / train12
Enter build submenu6
Enter hero's abilities submenu1
Right click31
Select / deselect24
Use ability6
80 total
» units
Acolyte3
Ghoul4
Crypt Fiend1
8 total
» buildings
Crypt1
Ziggurat2
Graveyard1
Altar of Darkness1
Tomb of Relics1
Nerubian Tower1
7 total
» build order
00:34 Crypt
00:43 Ziggurat
00:51 Graveyard
01:02 Altar of Darkness
01:29 Ziggurat
01:43 Tomb of Relics
02:19 Nerubian Tower
» items
Rod of Necromancy1
1 total
Random» NightElfchiway (blue | 30 APM | 95 actions | 03:09)

» actions
Build / train16
Enter build submenu8
Right click32
Select / deselect32
Use ability7
95 total
» units
Wisp11
Archer4
15 total
» buildings
Moon Well3
Ancient of War2
Altar of Elders1
Ancient of Wonders1
7 total
» build order
01:09 Moon Well
01:11 Ancient of War
01:16 Ancient of War
01:21 Altar of Elders
01:33 Moon Well
01:40 Ancient of Wonders
02:52 Moon Well

Chat log

(00:20 / Allies) biggie: ruffles
(00:38 / Allies) ImReallyBad: lol
(00:41 / Allies) ImReallyBad: ruffles
(00:47 / Allies) ImReallyBad: those are chips
(00:54 / Allies) biggie: huh?
(00:59 / Allies) ImReallyBad: u said ruffles
(01:02 / Allies) biggie: yeah
(01:04 / Allies) biggie: rufflesmen
(01:07 / Allies) ImReallyBad: im confused
(01:10 / Allies) biggie: ?
(01:11 / Allies) ImReallyBad: ohhh
(01:15 / All) Galand: omggggggggggggggggggg
(01:16 / All) Galand: fucking 1 game normal
(01:17 / Allies) ImReallyBad: not it on controlling
(01:18 / Allies) Galand: omgggggggggggggggggg
(01:21 / All) Galand: asssholesssssssssssssssss
(01:33 / Allies) MamasSpecialBoy: you suck anyway
(01:57 / Allies) ImReallyBad: lmao
(02:02 / Allies) ImReallyBad: kinda funny
(02:25 / All) Galand: im done 10 games w people is troll or something wrong
(02:35 / All) Galand: im going to tk since now on
(02:48 / All) Galand: im done of all of you
(02:50 / All) Galand: assholess